 Dungeon Crawl Stone Soup version 0.22-a0-587-g7d32d7c (webtiles) character file.

117 emperorscorpion the Gusty (level 4, -2/21 HPs)
             Began as a Deep Elf Air Elementalist on July 4, 2018.
             Slain by an orc
             ... wielding the +3 dagger of Yrchiu {drain, +Rage}
              (4 damage)
             ... on level 2 of the Dungeon.
             The game lasted 00:04:33 (2862 turns).

emperorscorpion the Gusty (DEAE)                    Turns: 2862, Time: 00:04:34

Health: -2/21      AC:  5    Str:  5    XL:     4   Next: 71%
Magic:  8/12       EV: 11    Int: 21    God:
Gold:   111        SH:  0    Dex: 15    Spells: 4/11 levels left

rFire    . . .     SeeInvis .   b - +0 trident
rCold    . . .     Gourm    .   (no shield)
rNeg     . . .     Faith    .   h - +0 robe
rPois    .         Spirit   .   (no helmet)
rElec    .         Reflect  .   (no cloak)
rCorr    .         Harm     .   (no gloves)
MR       .....                  f - +0 pair of boots
Stlth    +.........             (no amulet)
HPRegen  0.07/turn              (no ring)
MPRegen  0.13/turn              (no ring)

@: very heavily drained
A: icy blue scales 1, frail 1, screaming 1
a: no special abilities


You were on level 2 of the Dungeon.
You were near starving.

You visited 1 branch of the dungeon, and saw 3 of its levels.

You collected 111 gold pieces.

Inventory:

Hand Weapons
 a - a +0 hunting sling
 b - a +0 trident (weapon)
Missiles
 j - 12 arrows
 t - 63 stones (quivered)
Armour
 f - a +0 pair of boots (worn)
 h - a +0 robe (worn)
Wands
 p - a wand of flame (18)
Scrolls
 d - a scroll of noise {unknown}
 e - 2 scrolls of magic mapping {unknown}
 g - 2 scrolls of teleportation {unknown}
 i - 2 scrolls of fog {unknown}
 o - a scroll of remove curse {unknown}
 q - a scroll of blinking {unknown}
Potions
 l - a potion of mutation
 m - a potion of brilliance {unknown}
 n - 3 potions of cancellation {unknown}
 s - a potion of lignification {unknown}
Comestibles
 c - 4 rations


   Skills:
 + Level 0.7(0.0) Slings
 + Level 2.5(0.0) Dodging
 + Level 2.9(0.0) Stealth
 + Level 4.0(0.7) Spellcasting
 + Level 2.1(0.0) Conjurations
 + Level 4.3(1.0) Air Magic


You had 4 spell levels left.
You knew the following spells:

 Your Spells              Type           Power        Failure   Level  Hunger
a - Shock                 Conj/Air       #...         14%         1    ##.....
b - Swiftness             Chrm/Air       #.......     21%         2    ###....
c - Airstrike             Air            #.........   73%         4    #####..

Your spell library contained the following spells:

 Spells                   Type           Power        Failure   Level  Hunger
 Lightning Bolt           Conj/Air       #.........   98%         5    ######.
 Static Discharge         Conj/Air       #.......     38%         3    ####...


Dungeon Overview and Level Annotations

Branches:
Dungeon (3/15)

Altars:
Ashenzari
Gozag
Makhleb
Beogh


Innate Abilities, Weirdness & Mutations

You are partially covered in icy blue scales. (AC +2)
You are frail. (-10% HP)
You occasionally shout uncontrollably at your foes.


Message History

You feel drained.
You hit the orc but do no damage. The orc barely misses you.
The orc hits you with a steaming dagger {drain}!
You feel drained.
All of the chunks of flesh in your inventory have rotted away.
You closely miss the orc. The orc barely misses you.
Evoke which item? (* to show all) (? for menu, Esc to quit)
Aiming: Throw Flame
Press: ? - help, Shift-Dir - straight line, f - orc
Aim: an orc, wielding a steaming dagger {drain} and wearing a runed chain mail The puff of flame hits the orc.
The orc appears unharmed.
The orc hits you with a steaming dagger {drain}.
* * * LOW HITPOINT WARNING * * *
You feel drained.
* * * LOW HITPOINT WARNING * * *
It was a potion of mutation.
You feel extremely strange.
You feel frail.
You feel the urge to shout.
Icy blue scales grow over part of your body.
The orc hits you with a steaming dagger {drain}.
You die...

##.###.#########.# #.#
..........#......# #.#
##.###.#.##.#########.#
.....#.#.##.# #.......#
.>.#.#.#..#.# #.#######
...#.#.##.#.###.#
...#.#.##)#.....#
#.##.#.##.##############
.....#..........@o.....#
#########.###########.##
......# #.#.........#.#
#####.# #.#.#####.###.#
..# #.# #.#.#####.# #.#
..# #.# #.#.....#.###.##
..# #.# #.#####.#......#
..# #.# #..........#####
..# #.#########.##.#


You could see an orc.

Vanquished Creatures
  Jessica (D:2)
  The ghost of iamserjio the Covered, a weakling GrFi (D:3)
  An adder (D:2)
  An ooze (D:2)
  2 worms
  A dart slug (D:2)
  5 orcs (D:3)
  2 giant cockroaches (D:2)
  6 goblins
  9 hobgoblins
  5 kobolds
  A ball python (D:2)
  9 bats
  4 frilled lizards
  3 rats
51 creatures vanquished.

Notes
Turn   | Place    | Note
-------+----------+-------------------------------------------
     0 | D:1      | emperorscorpion the Deep Elf Air Elementalist began the quest for the Orb.
     0 | D:1      | Reached XP level 1. HP: 10/10 MP: 6/6
   274 | D:1      | Reached XP level 2. HP: 15/15 MP: 4/8
  1158 | D:2      | Found an opulent altar of Gozag.
  1234 | D:2      | Reached XP level 3. HP: 19/19 MP: 3/9
  1337 | D:2      | Noticed Jessica
  1343 | D:2      | Killed Jessica
  1362 | D:1      | Learned a level 2 spell: Swiftness
  1650 | D:2      | Reached XP level 4. HP: 24/24 MP: 9/11
  2418 | D:3      | Found a shattered altar of Ashenzari.
  2445 | D:3      | Found a runed gate.
  2445 | D:3      | Found a runed gate.
  2467 | D:3      | Found a burning altar of Makhleb.
  2592 | D:3      | Found a runed gate.
  2594 | D:3      | Noticed iamserjio's ghost (weakling GrFi)
  2604 | D:3      | Learned a level 4 spell: Airstrike
  2607 | D:3      | Found a roughly hewn altar of Beogh.
  2736 | D:3      | Killed iamserjio's ghost
  2862 | D:2      | Gained mutation: You are frail. (-10% HP) [potion of mutation]
  2862 | D:2      | Gained mutation: You occasionally shout uncontrollably at your foes. [potion of mutation]
  2862 | D:2      | Gained mutation: You are partially covered in icy blue scales. (AC +2) [potion of mutation]
  2862 | D:2      | Identified the +3 dagger of Yrchiu {drain, +Rage}
  2862 | D:2      | Slain by an orc

Vault maps used:
D:1:      ebering_trefoil_twist, minivault_27
D:2:      grunt_gozag_breadcrumbs, uniq_jessica
D:3:      cheibrodos_ashenzari_chains, biasface_ghost_orc_armoury,
          bloody_makhleb

Skill      XL: |  1  2  3  4 |
---------------+-------------+-----
Air Magic      | 4 |  4.3
Spellcasting   | 4 |  4.0
Conjurations   | 2 |  2.1
Slings         | |  0.7
Dodging        | |  2.5
Stealth        | |  2.9

Action                   |  1- 3 |  4- 6 || total
-------------------------+-------+-------++-------
Melee: Unarmed           |     1 |       ||     1
       Trident           |       |    15 ||    15
 Fire: Hunting sling     |     4 |       ||     4
 Cast: Shock             |    77 |    32 ||   109
       Airstrike         |       |     2 ||     2
Evoke: Wand              |       |     2 ||     2
  Use: Potion            |       |     2 ||     2
  Eat: Chunk             |     2 |     3 ||     5
Armor: Robe              |       |     1 ||     1
Dodge: Dodged            |     5 |    13 ||    18

Table legend:
 A = Spawn XP
 B = Non-spawn XP
 C = Spawn XP percentage of total XP
 D = Spawn monster count
 E = Non-spawn monster count
 F = Spawn count percentage of total count
 G = Total turns spent on level
                    A         B        C        D         E        F      G
               +---------+---------+-------+---------+---------+-------+---------
         Total |       0 |     168 |   0.0 |       0 |      51 |   0.0 |  2862
               +---------+---------+-------+---------+---------+-------+---------
           D:1 |       0 |      27 |   0.0 |       0 |      17 |   0.0 |  1049
           D:2 |       0 |      91 |   0.0 |       0 |      20 |   0.0 |  1071
           D:3 |       0 |      50 |   0.0 |       0 |      14 |   0.0 |   742
               +---------+---------+-------+---------+---------+-------+---------
